 Dungeon Crawl Stone Soup version 0.24.0-123-gd5b16e6ec5 (webtiles) character file.

Game seed: 3711044110457175712, levelgen mode: deterministic

128 Kobolds4U the Sneak (level 4, -1/24 HPs)
             Began as a Deep Elf Conjurer on Dec 21, 2019.
             Killed from afar by an orc wizard (11 damage)
             ... with a magic dart
             ... on level 2 of the Dungeon.
             The game lasted 00:04:48 (1970 turns).

Kobolds4U the Sneak (Deep Elf Conjurer)             Turns: 1970, Time: 00:04:49

Health: -1/24      AC:  2    Str:  6    XL:     4   Next: 87%
Magic:  0/10       EV: 13    Int: 20    God:
Gold:   127        SH:  0    Dex: 15    Spells: 3/9 levels left

rFire    . . .     SeeInvis .   g - +4 short sword
rCold    + . .     Gourm    .   (no shield)
rNeg     . . .     Faith    .   a - +0 robe
rPois    .         Spirit   +   (no helmet)
rElec    .         Reflect  .   (no cloak)
rCorr    .         Harm     .   (no gloves)
MR       .....                  (no boots)
Stlth    +++.......             m - amulet of guardian spirit (curse)
HPRegen  0.08/turn              h - ring of protection from fire
MPRegen  0.12/turn              p - ring of ice

@: no status effects
A: no striking features
a: no special abilities


You were on level 2 of the Dungeon.
You were not hungry.

You visited 1 branch of the dungeon, and saw 3 of its levels.

You collected 127 gold pieces.

Inventory:

Hand Weapons
 f - a +0 dagger
 g - a +4 short sword (weapon)
Armour
 a - a +0 robe (worn)
Jewellery
 h - a ring of protection from fire (left hand)
 m - a cursed amulet of guardian spirit (around neck)
 n - an uncursed amulet of regeneration {unknown}
 p - a ring of ice (right hand)
Scrolls
 b - 2 scrolls of teleportation {unknown}
 e - a scroll of remove curse {unknown}
 k - a scroll of identify {unknown}
Potions
 i - a potion of cancellation {unknown}
 j - a potion of mutation {unknown}
 l - a potion of agility {unknown}
 o - a potion of invisibility {unknown}
Comestibles
 c - 5 rations


   Skills:
 - Level 2.4 Dodging
 * Level 5.7 Stealth
 - Level 3.0 Spellcasting
 + Level 5.3 Conjurations


You had 3 spell levels left.
You knew the following spells:

 Your Spells              Type           Power        Failure   Level  Hunger
a - Magic Dart            Conj           ###.         1%          1    None
b - Searing Ray           Conj           ###...       2%          2    ##.....
c - Dazzling Spray        Conj/Hex       ##....       14%         3    ###....

Your spell library contained the following spells:

 Spells                   Type           Power        Failure   Level  Hunger
 Iskenderun's Mystic Bla  Conj           ###.....     16%         4    ####...
 Force Lance              Conj/Tloc      ##......     43%         4    ####...
 Fulminant Prism          Conj/Hex       ##........   43%         4    ####...


Dungeon Overview and Level Annotations

Branches:
Dungeon (3/15)

Altars:
Hepliaklqana


Message History

The orc wizard misses you. The orc wizard barely misses you.
The orc wizard hits you with a +0 dagger.
You climb upwards.
There is a stone staircase leading down here.
The orc wizard misses you. The orc wizard misses you.
The orc wizard hits you but does no damage.
The orc wizard mumbles some strange words.
The orc wizard blinks!
The orc wizard barely misses you.
The orc wizard mumbles some strange words.
The orc wizard blinks!
The orc wizard points at you and mumbles some strange words.
You resist with some effort.
All of the chunks of flesh in your inventory have rotted away.
The orc wizard casts a spell at you. The magic dart hits you.
The orc wizard casts a spell at you. The magic dart hits you!
You die...

########## #........# #........#
#........# #........#
#........##########
#..............@..##### ######
#........########...o.#####.....
##........############...........
..........#.......# ###.........
)##########.......# #.......>. .#
#.......######......... .#
##.......##............. ##
#######..........#.###........
####......#...##...#...###...####


You could see an orc wizard.

Vanquished Creatures
  2 gnolls (D:3)
  4 adders (D:2)
  2 oozes (D:1)
  3 worms (D:2)
  2 dart slugs
  A leopard gecko (D:2)
  3 orcs (D:3)
  3 bats
  3 giant cockroaches
  4 goblins
  4 hobgoblins
  3 jackals (D:1)
  A quokka (D:2)
  4 frilled lizards
  7 kobolds
  6 rats
52 creatures vanquished.

Notes
Turn   | Place    | Note
-------+----------+-------------------------------------------
     0 | D:1      | Kobolds4U the Deep Elf Conjurer began the quest for the
                  | Orb.
     0 | D:1      | Reached XP level 1. HP: 10/10 MP: 6/6
   264 | D:1      | Reached XP level 2. HP: 15/15 MP: 8/8
   755 | D:1      | Reached XP level 3. HP: 16/19 MP: 9/9
   759 | D:1      | Learned a level 2 spell: Searing Ray
   763 | D:1      | Learned a level 3 spell: Dazzling Spray
  1223 | D:2      | Reached skill level 5 in Conjurations
  1234 | D:2      | Reached XP level 4. HP: 24/24 MP: 3/10
  1403 | D:2      | Reached skill level 5 in Stealth
  1428 | D:2      | Found a faded altar of an unknown god.
  1755 | D:2      | Found a hazy altar of Hepliaklqana.
  1970 | D:2      | Killed from afar by an orc wizard

Levels and vault maps discovered:
D:1:      dpeg_arrival_tiny_j, layout_loops_cross, st_stairs_2
D:2:      layout_rooms, marbit_many_paths, first_ration,
          chequers_ecumenical_altar_simple_redux, st_stairs_4, minivault_26
D:3:      layout_basic, nicolae_overflow_crystal_walls, grunt_ministairs_8,
          minmay_cupped

Skill      XL: |  1  2  3  4 |
---------------+-------------+-----
Stealth        | 3 4 5 |  5.7
Conjurations   | 5 |  5.3
Dodging        | |  2.4
Spellcasting   | |  3.0

Action                   |  1- 3 |  4- 6 || total
-------------------------+-------+-------++-------
Melee: Short sword       |     7 |     2 ||     9
       Unarmed           |     1 |       ||     1
 Cast: Magic Dart        |    46 |    46 ||    92
       Searing Ray       |     4 |       ||     4
 Stab: Sleeping          |     1 |     1 ||     2
  Eat: Chunk             |     1 |     2 ||     3
Armor: Robe              |       |     1 ||     1
Dodge: Dodged            |    10 |     6 ||    16
